 Dungeon Crawl Stone Soup version 0.31-a0-166-g46f44d267d (webtiles) character file.

Game seed: 16548491806186442253

107 qw the Shooter (level 4, -2/40 HPs)
             Began as a Naga Hunter on June 13, 2023.
             Killed from afar by an orc wizard (10 damage)
             ... with a puff of flame
             ... on level 3 of the Dungeon.
             The game lasted 00:00:40 (1908 turns).

qw the Shooter (Naga Hunter)                        Turns: 1908, Time: 00:00:40

Health: -2/40      AC:  4    Str: 14    XL:     4   Next: 85%
Magic:  4/4        EV:  9    Int:  9    God:
Gold:   100        SH:  0    Dex: 16    Spells: 3/3 levels left

rFire   . . .        f - +0 shortbow (heavy)
rCold   . . .        (shield currently unavailable)
rNeg    . . .        c - +0 leather armour
rPois   +            (no helmet)
rElec   .            i - +0 cloak
rCorr   .            h - +0 pair of gloves
SInv    +            (no barding)
Will    .....        (no amulet)
Stlth   ++           (no ring)
HPRegen 0.26/turn    (no ring)
MPRegen 0.09/turn

%: no passive effects
@: short of breath, very slow
A: AC +1, large, see invisible, deformed body, poison resistance, slowness 2,
spit poison 1, naga tail 1
a: Spit Poison


You were on level 3 of the Dungeon.
You visited 1 branch of the dungeon, and saw 3 of its levels.

You collected 100 gold pieces.


Innate Abilities, Weirdness & Mutations

Your serpentine skin is tough. (AC +1)
You have supernaturally acute eyesight. (SInv)
Armour fits poorly on your strangely shaped body.
Your system is resistant to poisons. (rPois)
You cover ground very slowly.
You can spit poison.
You have a snake-like lower body.


   Skills:
 + Level 2.9 Fighting
 - Level 5.1 Ranged Weapons
 - Level 1.5 Dodging
 - Level 1.5 Stealth


You had 3 spell levels left.
You didn't know any spells.
Your spell library was empty.

Inventory:

Hand Weapons
 f - a +0 heavy shortbow (weapon)
Armour
 c - a +0 leather armour (worn)
 h - a +0 pair of gloves (worn)
 i - a +0 cloak (worn)
Scrolls
 a - a scroll of identify
 b - a scroll of fog {unknown}
Potions
 d - a potion of might
 e - a potion of heal wounds {unknown}
 g - 2 potions of curing
 j - a potion of brilliance {unknown}

Dungeon Overview and Level Annotations

Branches:
Dungeon (3/15)

Altars:


Message History

1904 ||| INVOKING Spit Poison.
Aiming: Spit Poison (1% risk of failure)
Press: ? - help, Shift-Dir - straight line, f - orc The splash of poison hits the orc.
The orc is poisoned.
The orc is lightly wounded.
The orc hits you with a +0 dagger.
The orc wizard mumbles some strange words.
The orc wizard flickers and vanishes for a moment.
The frilled lizard bites you but does no damage.
You shoot an arrow. The arrow closely misses the orc.
The orc hits you but does no damage.
The frilled lizard bites you but does no damage.
The orc hits you with a +0 dagger.
The frilled lizard bites you but does no damage.
The orc hits you with a +0 mace.
You shoot an arrow. The arrow hits the orc!
You kill the orc!
You have got your breath back.
You hear an angry hiss.
The orc hits you with a +0 mace. The frilled lizard bites you.
The frilled lizard bites you but does no damage.
The orc hits you with a +0 mace.
The frilled lizard closely misses you. x2
The orc wizard hits you with a +0 dagger.
1907 ||| INVOKING Spit Poison.
Aiming: Spit Poison (1% risk of failure)
Press: ? - help, Shift-Dir - straight line, f - orc wizard The splash of poison hits the orc wizard.
The orc wizard is poisoned.
The orc wizard is heavily wounded.
The orc barely misses you. The frilled lizard barely misses you.
The frilled lizard closely misses you.
The orc wizard hits you with a +0 dagger.
You shoot an arrow. The arrow hits the orc wizard!
The orc wizard is almost dead.
The orc hits you but does no damage.
The frilled lizard bites you but does no damage.
The frilled lizard barely misses you.
The orc wizard points at you and mumbles some strange words.
The puff of flame hits you!
You die...

. ## .. #.. ...#..
).....# ......%
......l#### #...Sl@).##
......oo#..### .^.
##.....(.....##....
##l###.................
...##%..###....>.......
...>.....#####..........
.......#...##...........
....#..##.#..##........
....##. #..%###......).


You could see an orc wizard (invisible, poisoned), an adder, an orc and 3
frilled lizards.

Vanquished Creatures
  Terence (D:2)
  2 adders (D:3)
  3 dart slugs (D:1)
  3 orcs (D:3)
  4 bats
  4 endoplasms (D:1)
  5 giant cockroaches
  7 goblins
  3 hobgoblins (D:1)
  A jackal (D:3)
  A quokka (D:1)
  3 ball pythons (D:1)
  7 frilled lizards
  5 kobolds
  2 rats
51 creatures vanquished.

Notes
Turn   | Place    | Note
-------+----------+-------------------------------------------
     0 | D:1      | qw the Naga Hunter began the quest for the Orb.
     0 | D:1      | Reached XP level 1. HP: 19/19 MP: 1/1
     0 | D:1      | 0 ||| qw: Version: 0.2-a-29-gc1b59c4
     0 | D:1      | 0 ||| qw: Game counter: 4847
     0 | D:1      | 0 ||| qw: Always use a shield: true
     0 | D:1      | 0 ||| qw: God list: Okawaru
     0 | D:1      | 0 ||| qw: Allow faded altars: false
     0 | D:1      | 0 ||| qw: Do Orc after D:15 true
     0 | D:1      | 0 ||| qw: Do second Lair branch before Depths: true
     0 | D:1      | 0 ||| qw: Lair rune preference: random
     0 | D:1      | 0 ||| qw: Plans: Normal
     0 | D:1      | 0 ||| PLANNING D:1-11
    36 | D:1      | 36 ||| INVOKING Spit Poison.
    45 | D:1      | 45 ||| INVOKING Spit Poison.
    97 | D:1      | 97 ||| INVOKING Spit Poison.
   114 | D:1      | Reached skill level 4 in Ranged Weapons
   114 | D:1      | Reached XP level 2. HP: 26/26 MP: 2/2
   116 | D:1      | 116 ||| INVOKING Spit Poison.
   169 | D:1      | 169 ||| INVOKING Spit Poison.
   191 | D:1      | 191 ||| INVOKING Spit Poison.
   205 | D:1      | 205 ||| INVOKING Spit Poison.
   208 | D:1      | 208 ||| INVOKING Spit Poison.
   219 | D:1      | 219 ||| INVOKING Spit Poison.
   221 | D:1      | Reached XP level 3. HP: 32/32 MP: 3/3
   230 | D:1      | 230 ||| INVOKING Spit Poison.
   244 | D:1      | 244 ||| INVOKING Spit Poison.
   254 | D:1      | 254 ||| INVOKING Spit Poison.
   361 | D:1      | 361 ||| INVOKING Spit Poison.
   367 | D:1      | 367 ||| INVOKING Spit Poison.
   585 | D:1      | 585 ||| INVOKING Spit Poison.
   682 | D:1      | 682 ||| INVOKING Spit Poison.
   736 | D:1      | 736 ||| UPGRADING to +0 pair of gloves.
   741 | D:1      | 741 ||| UPGRADING to +0 cloak.
   746 | D:1      | 746 ||| READING 2 scrolls labelled PYAREIC XONIW.
   747 | D:1      | 747 ||| READING scroll labelled OHISTR BESE.
   748 | D:1      | 748 ||| READING scroll labelled MOETZU QIUSEIM.
   749 | D:1      | 749 ||| DRINKING 2 viscous yellow potions.
   750 | D:1      | 750 ||| DROPPING scroll of butterflies.
   830 | D:2      | 830 ||| INVOKING Spit Poison.
   949 | D:2      | 949 ||| INVOKING Spit Poison.
   955 | D:2      | 955 ||| INVOKING Spit Poison.
   964 | D:2      | 964 ||| INVOKING Spit Poison.
  1034 | D:2      | 1034 ||| INVOKING Spit Poison.
  1066 | D:2      | Noticed Terence
  1067 | D:2      | 1067 ||| INVOKING Spit Poison.
  1071 | D:2      | 1071 ||| INVOKING Spit Poison.
  1071 | D:2      | HP: 7/32 [Terence/+0 flail (5)]
  1074 | D:2      | 1074 ||| INVOKING Spit Poison.
  1078 | D:2      | 1078 ||| INVOKING Spit Poison.
  1078 | D:2      | Killed Terence
  1079 | D:2      | Reached skill level 5 in Ranged Weapons
  1079 | D:2      | Reached XP level 4. HP: 10/39 MP: 4/4
  1384 | D:2      | 1384 ||| INVOKING Spit Poison.
  1436 | D:2      | 1436 ||| INVOKING Spit Poison.
  1440 | D:2      | 1440 ||| INVOKING Spit Poison.
  1511 | D:2      | 1511 ||| INVOKING Spit Poison.
  1516 | D:2      | 1516 ||| INVOKING Spit Poison.
  1545 | D:2      | 1545 ||| INVOKING Spit Poison.
  1578 | D:2      | 1578 ||| INVOKING Spit Poison.
  1736 | D:2      | 1736 ||| READING scroll labelled DESEHA SEWIEF.
  1737 | D:2      | 1737 ||| READING scroll labelled TAOMMO MOTO.
  1738 | D:2      | 1738 ||| READING 2 scrolls of identify.
  1738 | D:2      | 1738 ||| IDENTIFYING inky potion
  1784 | D:3      | 1784 ||| INVOKING Spit Poison.
  1796 | D:3      | 1796 ||| INVOKING Spit Poison.
  1800 | D:3      | 1800 ||| INVOKING Spit Poison.
  1811 | D:3      | 1811 ||| INVOKING Spit Poison.
  1814 | D:3      | 1814 ||| INVOKING Spit Poison.
  1818 | D:3      | 1818 ||| INVOKING Spit Poison.
  1880 | D:3      | 1880 ||| INVOKING Spit Poison.
  1891 | D:3      | 1891 ||| INVOKING Spit Poison.
  1895 | D:3      | 1895 ||| INVOKING Spit Poison.
  1900 | D:3      | 1900 ||| INVOKING Spit Poison.
  1901 | D:3      | 1901 ||| INVOKING Spit Poison.
  1904 | D:3      | 1904 ||| INVOKING Spit Poison.
  1906 | D:3      | HP: 10/40 [orc/+0 mace (4)]
  1907 | D:3      | 1907 ||| INVOKING Spit Poison.
  1908 | D:3      | Killed from afar by an orc wizard

Levels and vault maps discovered:
D:1:      evilmike_arrival_crescent, layout_basic
D:2:      layout_loops_corners, uniq_terence
D:3:      layout_rooms, jmf_multi_god_temple2, minmay_lizard_king

Skill      XL: |  1  2  3 |
---------------+----------+-----
Ranged Weapons | 4 5 |  5.1
Fighting       | |  2.9
Dodging        | |  1.5
Stealth        | |  1.5

Action                     |  1- 3 |  4- 6 || total
---------------------------+-------+-------++-------
   Fire: Shortbow          |    53 |    37 ||    90
Ability: Spit Poison       |    25 |    19 ||    44
    Use: Scroll            |     3 |     3 ||     6
         Potion            |     1 |       ||     1
 Armour: Leather armour    |     9 |    28 ||    37
  Dodge: Dodged            |    14 |    28 ||    42

Table legend:
 A = Non-vault XP
 B = Vault XP
 C = Vault XP percentage of total XP
 D = Non-vault monster count
 E = Vault monster count
 F = Vault count percentage of total count
                 A         B        C        D         E       F
            +---------+---------+-------+---------+---------+-------
      Total |     111 |      42 |  27.5 |      46 |       5 |   9.8
            +---------+---------+-------+---------+---------+-------
        D:1 |      50 |       0 |   0.0 |      25 |       0 |   0.0
        D:2 |      17 |      38 |  69.1 |      11 |       1 |   8.3
        D:3 |      44 |       4 |   8.3 |      10 |       4 |  28.6
            +---------+---------+-------+---------+---------+-------
